 Dungeon Crawl Stone Soup version 0.29.0-4-gdea44cf6ec (webtiles) character file.

Game seed: 353139975445413719

5717 qw the Grappler (level 10, -1/98 HPs)
             Began as a Troll Cinder Acolyte on Sept 1, 2022.
             Was a Priest of Ignis.
             Succumbed to a green ugly thing's poison
             ... on level 8 of the Dungeon.
             The game lasted 00:03:34 (7436 turns).

qw the Grappler (Troll Cinder Acolyte)              Turns: 7436, Time: 00:03:35

Health: -1/98      AC: 11    Str: 28    XL:     10   Next: 48%
Magic:  9/9        EV:  9    Int: 10    God:    Ignis [***...]
Gold:   412        SH:  0    Dex:  5    Spells: 11/11 levels left

rFire   + . .      SeeInvis .     - Unarmed
rCold   . . .      Faith    .   (no shield)
rNeg    . . .      Spirit   .   a - +0 robe
rPois   .          Reflect  .   (helmet restricted)
rElec   .          Harm     .   (no cloak)
rCorr   .          Rampage  .   (gloves unavailable)
Will    .....                   (boots unavailable)
Stlth   +.........              e - amulet of the acrobat
HPRegen 1.06/turn               (no ring)
MPRegen 0.11/turn               (no ring)

@: lethally poisoned (-1 -> -50), fiery-armoured
A: large, unfitting armour, claws 3, regeneration 1, shaggy fur 1, tough skin 1,
low MP 1
a: Renounce Religion, Fiery Armour, Foxfire Swarm, Rising Flame


You were on level 8 of the Dungeon.
You worshipped Ignis.
Ignis was most pleased with you.
You visited 1 branch of the dungeon, and saw 8 of its levels.

You collected 412 gold pieces.


Innate Abilities, Weirdness & Mutations

You are too large for most types of armour.
You have claws for hands.
Your natural rate of healing is unusually fast.
You are covered in fur. (AC +1)
You have tough skin. (AC +1)
Your magical capacity is low. (-10% MP)


   Skills:
 - Level 5.9 Fighting
 - Level 5.0 Throwing
 - Level 1.1 Dodging
 + Level 13.4 Unarmed Combat
 - Level 1.0 Spellcasting
 - Level 2.1 Fire Magic


You had 11 spell levels left.
You didn't know any spells.
Your spell library contained the following spells:

 Spells                   Type           Power      Damage    Failure   Level
 Scorch                   Fire           8%         2d5       22%         2

Inventory:

Missiles
 g - 4 large rocks (quivered)
Armour
 a - a +0 robe (worn)
 m - a +0 kite shield
Jewellery
 e - an amulet of the acrobat (around neck)
 l - a ring of positive energy
 n - an amulet of regeneration
Wands
 j - a wand of digging (8)
Scrolls
 c - 2 scrolls of identify
 o - a scroll of magic mapping {unknown}
Potions
 b - a potion of haste
 d - 3 potions of curing
 f - a potion of cancellation
 i - 2 potions of might
 k - 4 potions of mutation

Dungeon Overview and Level Annotations

Branches:
Dungeon (8/15)             Temple (0/1) D:6
   Lair: D:8-11

Altars:
Ashenzari
Cheibriados
Gozag
Hepliaklqana
Makhleb
Trog
Vehumet
Wu Jian
Xom
Zin
Lugonu

Annotations:
D:3 2 runed translucent doors, Ceinen's ghost, amateur TeWr
D:6 1 runed translucent door, Crazy Yiuf
D:8 2 transporters


Message History

The green ugly thing is burned by your cloak of flames.
The green ugly thing is lightly wounded.
Your Unarmed Combat skill increases to level 13!
7430 ||| DRINKING potion of heal wounds.
You feel much better.
You feel very sick. The green ugly thing tail-slaps you!
You are more poisoned.
The green ugly thing poisons you!
The green ugly thing is burned by your cloak of flames.
The green ugly thing is moderately wounded.
You barely miss the green ugly thing.
The green ugly thing is moderately wounded.
You feel extremely sick.
The green ugly thing tail-slaps you but does no damage.
The green ugly thing is burned by your cloak of flames.
The green ugly thing is moderately wounded.
You barely miss the green ugly thing.
The green ugly thing is moderately wounded.
You feel very sick.
You claw the green ugly thing!
The green ugly thing is severely wounded.
You feel very sick.
The green ugly thing closely misses you.
You claw the green ugly thing!
The green ugly thing is almost dead.
You feel very sick. The green ugly thing tail-slaps you.
The green ugly thing is burned by your cloak of flames.
The green ugly thing is almost dead.
You completely miss the green ugly thing.
The green ugly thing is almost dead.
You feel very sick. The green ugly thing tail-slaps you.
You are lethally poisoned!
The green ugly thing poisons you!
The green ugly thing is burned by your cloak of flames.
You kill the green ugly thing!
You barely miss the small abomination.
You die...

#..#.# .##
#.........##
...###x..### ##
#........##
###.###.......#
.###..#..)..##
#....##.....##
.....###)))##
#....^#.._.^#^ ..
## ##)##
#....##.(...## .#
#.#
##..###x....u.###.
#.#
...###...###.x.###
##.######
##.#u#..## #..#@#
##........ ...#u.
## #.x%#
#.....#### #####/.
#.^## ##........
### #### ##...####
#.######...#...
#............##
########...#### ##
#....... .!.
#.......


You could see a small abomination.

Vanquished Creatures
  A two-headed ogre (D:8)
  3 ugly things (D:8)
  An ancient zyme (D:8)
  Prince Ribbit (D:5)
  Sigmund (D:2)
  5 yaks (D:8)
  An acid dragon (D:8)
  A water moccasin (D:6)
  A sky beast (D:7)
  2 black bears
  An orc warrior (D:8)
  A centaur (D:5)
  2 ogres
  Blork the orc (D:5)
  A necrophage (D:6)
  A gnoll sergeant (D:8)
  2 bullfrogs
  2 scorpions
  3 small abominations (D:8)
  4 killer bees (D:8)
  A howler monkey (D:6)
  5 hounds
  2 jellies (D:4)
  2 gnoll boudas
  2 orc priests
  3 iguanas
  Natasha (twice) (D:2)
  5 orc wizards
  Robin (D:2)
  15 gnolls
  8 adders
  A shadow imp (D:7)
  A white imp (D:6)
  An ufetubus (D:5)
  4 worms
  4 dart slugs
  12 orcs
  8 ball pythons
  4 endoplasms
  3 giant cockroaches
  13 goblins
  9 hobgoblins
  A quokka (D:1)
  6 bats
  A frilled lizard (D:2)
  5 kobolds
  5 rats
  A spectral kobold (D:1)
160 creatures vanquished.

Notes
Turn   | Place    | Note
-------+----------+-------------------------------------------
     0 | D:1      | qw the Troll Cinder Acolyte began the quest for the Orb.
     0 | D:1      | Reached XP level 1. HP: 22/22 MP: 1/1
     0 | D:1      | 0 ||| qw: Version: 0.1-a-97-g2dd2ca4
     0 | D:1      | 0 ||| qw: Game counter: 4777
     0 | D:1      | 0 ||| qw: Always use a shield: true
     0 | D:1      | 0 ||| qw: God list: Okawaru
     0 | D:1      | 0 ||| qw: Allow faded altars: false
     0 | D:1      | 0 ||| qw: Do Orc after D:15 true
     0 | D:1      | 0 ||| qw: Do second Lair branch before Depths: true
     0 | D:1      | 0 ||| qw: Lair rune preference: random
     0 | D:1      | 0 ||| qw: Plans: Normal
     0 | D:1      | 0 ||| PLANNING D:1-11
    24 | D:1      | Found a faded altar of an unknown god.
   283 | D:1      | Reached XP level 2. HP: 29/29 MP: 2/2
   583 | D:1      | 583 ||| UPGRADING to amulet of the acrobat.
   588 | D:1      | 588 ||| READING scroll labelled MEREOS EFESTUD.
   589 | D:1      | 589 ||| READING scroll labelled DIFOUZEUQA.
   614 | D:2      | Noticed Sigmund
   630 | D:2      | Killed Sigmund
   631 | D:2      | Reached skill level 6 in Unarmed Combat
   631 | D:2      | Reached XP level 3. HP: 22/36 MP: 3/3
   631 | D:2      | Reached XP level 4. HP: 27/44 MP: 4/4
   631 | D:2      | Reached XP level 5. HP: 31/50 MP: 5/5
   687 | D:2      | 687 ||| Stepping ~*~*~tactically~*~*~ (stealth).
   747 | D:2      | 747 ||| Stepping ~*~*~tactically~*~*~ (outnumbered).
   747 | D:2      | Noticed Robin
   749 | D:2      | 749 ||| Stepping ~*~*~tactically~*~*~ (outnumbered).
   751 | D:2      | 751 ||| Stepping ~*~*~tactically~*~*~ (outnumbered).
   752 | D:2      | 752 ||| INVOKING Fiery Armour.
   753 | D:2      | 753 ||| Stepping ~*~*~tactically~*~*~ (outnumbered).
   754 | D:2      | 754 ||| Stepping ~*~*~tactically~*~*~ (outnumbered).
   755 | D:2      | 755 ||| Stepping ~*~*~tactically~*~*~ (outnumbered).
   760 | D:2      | Killed Robin
   773 | D:2      | 773 ||| FLEEEEING.
   774 | D:2      | 774 ||| FLEEEEING.
   850 | D:2      | Noticed Natasha
   855 | D:2      | Killed Natasha
  1156 | D:2      | 1156 ||| Stepping ~*~*~tactically~*~*~ (hiding).
  1539 | D:2      | Noticed Natasha
  1540 | D:2      | 1540 ||| Stepping ~*~*~tactically~*~*~ (stealth).
  1544 | D:2      | Killed Natasha
  1545 | D:2      | Reached XP level 6. HP: 59/59 MP: 6/6
  1622 | D:2      | 1622 ||| READING scroll labelled GUAPINTUIRU.
  1626 | D:2      | 1626 ||| DRINKING 2 sapphire potions.
  1627 | D:2      | 1627 ||| DRINKING 2 fizzy golden potions.
  1628 | D:2      | 1628 ||| DRINKING 2 fuming golden potions.
  1629 | D:2      | 1629 ||| READING 2 scrolls of identify.
  1629 | D:2      | 1629 ||| IDENTIFYING bubbling black potion
  1630 | D:2      | 1630 ||| DROPPING potion of brilliance.
  1650 | D:3      | 1650 ||| Stepping ~*~*~tactically~*~*~ (outnumbered).
  1661 | D:3      | Identified the +5 hand axe of Wealth {vorpal, rPois rC-
                  | rCorr}
  1666 | D:3      | 1666 ||| Stepping ~*~*~tactically~*~*~ (stealth).
  1674 | D:3      | 1674 ||| Stepping ~*~*~tactically~*~*~ (stealth).
  1712 | D:3      | Found a runed translucent door.
  1715 | D:3      | Found an opulent altar of Gozag.
  1717 | D:3      | Noticed Ceinen's ghost (amateur TeWr)
  1727 | D:3      | 1727 ||| Stepping ~*~*~tactically~*~*~ (stealth).
  1729 | D:3      | 1729 ||| Stepping ~*~*~tactically~*~*~ (hiding).
  1739 | D:3      | Reached skill level 7 in Unarmed Combat
  1739 | D:3      | 1739 ||| Stepping ~*~*~tactically~*~*~ (hiding).
  1756 | D:3      | 1756 ||| Stepping ~*~*~tactically~*~*~ (stealth).
  1757 | D:3      | 1757 ||| Stepping ~*~*~tactically~*~*~ (stealth).
  1789 | D:3      | 1789 ||| Stepping randomly (stuck).
  1795 | D:3      | 1795 ||| Stepping randomly (stuck).
  1803 | D:3      | 1803 ||| Stepping randomly (stuck).
  1804 | D:3      | 1804 ||| Stepping randomly (stuck).
  1852 | D:3      | Found a radiant altar of Vehumet.
  1858 | D:3      | 1858 ||| Stepping ~*~*~tactically~*~*~ (outnumbered).
  1882 | D:3      | 1882 ||| Stepping randomly (stuck).
  1883 | D:3      | 1883 ||| Stepping randomly (stuck).
  2157 | D:3      | Found an ornate altar of the Wu Jian Council.
  2255 | D:3      | You fall into a shaft and drop 3 floors!
  2263 | D:6      | 2263 ||| Stepping ~*~*~tactically~*~*~ (stealth).
  2264 | D:6      | 2264 ||| Stepping ~*~*~tactically~*~*~ (stealth).
  2267 | D:6      | 2267 ||| Stepping ~*~*~tactically~*~*~ (stealth).
  2378 | D:6      | Reached skill level 8 in Unarmed Combat
  2378 | D:6      | Reached XP level 7. HP: 57/66 MP: 7/7
  2404 | D:6      | Found a shimmering altar of Xom.
  2482 | D:6      | 2482 ||| Stepping ~*~*~tactically~*~*~ (hiding).
  2535 | D:6      | Reached skill level 3 in Fighting
  2578 | D:6      | Found a staircase to the Ecumenical Temple.
  2602 | D:6      | 2602 ||| DROPPING scarf of harm.
  2603 | D:6      | 2603 ||| READING scroll labelled ISOASEESTY.
  2604 | D:6      | 2604 ||| READING 4 scrolls of identify.
  2604 | D:6      | 2604 ||| IDENTIFYING fuming blue potion
  2605 | D:6      | 2605 ||| READING 3 scrolls of identify.
  2605 | D:6      | 2605 ||| IDENTIFYING fizzy grey potion
  2612 | D:6      | 2612 ||| STAIRDANCE
  2613 | D:5      | Entered Level 5 of the Dungeon
  2714 | D:5      | 2714 ||| Stepping ~*~*~tactically~*~*~ (stealth).
  2741 | D:5      | Noticed Blork the orc
  2748 | D:5      | Killed Blork the orc
  2751 | D:5      | Reached skill level 9 in Unarmed Combat
  2926 | D:5      | Reached skill level 1 in Dodging
  2953 | D:5      | Noticed Prince Ribbit
  2963 | D:5      | 2963 ||| INVOKING Fiery Armour.
  2970 | D:5      | Killed Prince Ribbit
  2971 | D:5      | Reached XP level 8. HP: 52/75 MP: 8/8
  3135 | D:5      | 3135 ||| READING scroll labelled HUWAHU GEOBB.
  3136 | D:5      | 3136 ||| READING 3 scrolls of identify.
  3136 | D:5      | 3136 ||| IDENTIFYING fizzy pink potion
  3137 | D:5      | 3137 ||| DROPPING potion of lignification.
  3185 | D:4      | 3185 ||| Stepping ~*~*~tactically~*~*~ (stealth).
  3186 | D:4      | 3186 ||| Stepping ~*~*~tactically~*~*~ (stealth).
  3187 | D:4      | 3187 ||| Stepping ~*~*~tactically~*~*~ (stealth).
  3221 | D:4      | Found a broken altar of Ashenzari.
  3343 | D:4      | Reached skill level 1 in Throwing
  3354 | D:4      | 3354 ||| READING 2 scrolls of identify.
  3354 | D:4      | 3354 ||| IDENTIFYING red potion
  3355 | D:4      | 3355 ||| DROPPING potion of magic.
  3369 | D:3      | Found a runed translucent door.
  3561 | D:4      | Reached skill level 3 in Throwing
  3634 | D:4      | 3634 ||| Stepping ~*~*~tactically~*~*~ (stealth).
  3636 | D:4      | 3636 ||| Stepping ~*~*~tactically~*~*~ (stealth).
  3643 | D:4      | Reached skill level 10 in Unarmed Combat
  3652 | D:4      | Found a burning altar of Makhleb.
  3657 | D:4      | Found a glowing silver altar of Zin.
  3658 | D:4      | Noticed an angel
  3659 | D:4      | Noticed a balrug
  3692 | D:4      | Found a bloodstained altar of Trog.
  3976 | D:4      | 3976 ||| Stepping ~*~*~tactically~*~*~ (hiding).
  3978 | D:4      | 3978 ||| Stepping ~*~*~tactically~*~*~ (hiding).
  4325 | D:5      | 4325 ||| Stepping ~*~*~tactically~*~*~ (stealth).
  4329 | D:5      | 4329 ||| Stepping ~*~*~tactically~*~*~ (hiding).
  4361 | D:5      | 4361 ||| Stepping ~*~*~tactically~*~*~ (hiding).
  4621 | D:5      | 4621 ||| READING scroll labelled TARUSE WAQUUCAL.
  4622 | D:5      | 4622 ||| READING scroll labelled ZOSUIDA RILI.
  4879 | D:6      | 4879 ||| Stepping ~*~*~tactically~*~*~ (hiding).
  5002 | D:6      | 5002 ||| Stepping ~*~*~tactically~*~*~ (hiding).
  5103 | D:6      | Found a runed translucent door.
  5104 | D:6      | Noticed Crazy Yiuf
  5266 | D:6      | 5266 ||| Stepping ~*~*~tactically~*~*~ (stealth).
  5267 | D:6      | 5267 ||| Stepping ~*~*~tactically~*~*~ (stealth).
  5331 | D:6      | 5331 ||| READING 2 scrolls of identify.
  5331 | D:6      | 5331 ||| IDENTIFYING brown potion
  5332 | D:6      | 5332 ||| DROPPING potion of ambrosia.
  5471 | D:7      | 5471 ||| Stepping ~*~*~tactically~*~*~ (hiding).
  5481 | D:7      | 5481 ||| Stepping ~*~*~tactically~*~*~ (hiding).
  5482 | D:7      | 5482 ||| Stepping ~*~*~tactically~*~*~ (hiding).
  5549 | D:7      | 5549 ||| Stepping ~*~*~tactically~*~*~ (hiding).
  5861 | D:7      | Reached XP level 9. HP: 80/84 MP: 9/9
  6174 | D:7      | Identified the +8 flail "Vogoirche" {drain, rCorr Str-3
                  | Dex+8}
  6217 | D:7      | 6217 ||| READING scroll labelled LOOZUO WUDA.
  6218 | D:7      | 6218 ||| DRINKING 5 fizzy cyan potions.
  6218 | D:7      | Gained mutation: Your magical capacity is low. (-10% MP)
                  | [potion of mutation]
  6236 | D:8      | Found a snail-covered altar of Cheibriados.
  6251 | D:8      | 6251 ||| Stepping ~*~*~tactically~*~*~ (outnumbered).
  6254 | D:8      | 6254 ||| Stepping ~*~*~tactically~*~*~ (outnumbered).
  6258 | D:8      | Reached skill level 11 in Unarmed Combat
  6291 | D:8      | 6291 ||| Stepping ~*~*~tactically~*~*~ (hiding).
  6342 | D:8      | 6342 ||| INVOKING Fiery Armour.
  6433 | D:8      | Found a transporter.
  6442 | D:8      | Found a corrupted altar of Lugonu.
  6442 | D:8      | Noticed a brown ugly thing
  6442 | D:8      | Noticed a red ugly thing
  6444 | D:8      | Noticed an ancient zyme
  6547 | D:8      | 6547 ||| FLEEEEING.
  6548 | D:8      | 6548 ||| FLEEEEING.
  6549 | D:8      | 6549 ||| FLEEEEING.
  6550 | D:8      | 6550 ||| FLEEEEING.
  6555 | D:8      | 6555 ||| Stepping ~*~*~tactically~*~*~ (outnumbered).
  6557 | D:8      | 6557 ||| Stepping ~*~*~tactically~*~*~ (outnumbered).
  6559 | D:8      | Reached skill level 12 in Unarmed Combat
  6641 | D:8      | Noticed a two-headed ogre
  6650 | D:8      | 6650 ||| INVOKING Fiery Armour.
  6651 | D:8      | Killed a two-headed ogre
  6658 | D:8      | 6658 ||| FLEEEEING.
  6659 | D:8      | 6659 ||| FLEEEEING.
  6729 | D:8      | 6729 ||| FLEEEEING.
  6730 | D:8      | 6730 ||| FLEEEEING.
  6731 | D:8      | 6731 ||| FLEEEEING.
  6732 | D:8      | 6732 ||| FLEEEEING.
  6733 | D:8      | 6733 ||| FLEEEEING.
  6734 | D:8      | 6734 ||| FLEEEEING.
  6735 | D:8      | 6735 ||| FLEEEEING.
  6736 | D:8      | 6736 ||| FLEEEEING.
  6740 | D:8      | 6740 ||| FLEEEEING.
  6741 | D:8      | 6741 ||| FLEEEEING.
  6742 | D:8      | 6742 ||| FLEEEEING.
  6743 | D:8      | 6743 ||| FLEEEEING.
  6744 | D:8      | 6744 ||| FLEEEEING.
  6748 | D:8      | 6748 ||| FLEEEEING.
  6752 | D:8      | 6752 ||| FLEEEEING.
  6753 | D:8      | 6753 ||| FLEEEEING.
  6754 | D:8      | 6754 ||| FLEEEEING.
  6763 | D:8      | 6763 ||| STAIRDANCE
  6779 | D:8      | 6779 ||| STAIRDANCE
  6786 | D:8      | 6786 ||| Stepping ~*~*~tactically~*~*~ (hiding).
  6787 | D:8      | 6787 ||| STAIRDANCE
  6914 | D:8      | 6914 ||| Stepping ~*~*~tactically~*~*~ (stealth).
  6915 | D:8      | 6915 ||| Stepping ~*~*~tactically~*~*~ (stealth).
  6916 | D:8      | 6916 ||| Stepping ~*~*~tactically~*~*~ (stealth).
  6920 | D:8      | Reached XP level 10. HP: 98/98 MP: 9/9
  7081 | D:8      | 7081 ||| INVOKING Fiery Armour.
  7212 | D:8      | Found a hazy altar of Hepliaklqana.
  7290 | D:8      | Found a transporter.
  7296 | D:8      | 7296 ||| Stepping ~*~*~tactically~*~*~ (stealth).
  7312 | D:8      | 7312 ||| INVOKING Fiery Armour.
  7415 | D:8      | Noticed a green ugly thing
  7417 | D:8      | 7417 ||| Stepping ~*~*~tactically~*~*~ (outnumbered).
  7420 | D:8      | Killed a brown ugly thing
  7425 | D:8      | 7425 ||| INVOKING Fiery Armour.
  7429 | D:8      | Killed a green ugly thing
  7429 | D:8      | HP: 22/98 [green ugly thing (7)]
  7430 | D:8      | Reached skill level 13 in Unarmed Combat
  7430 | D:8      | 7430 ||| DRINKING potion of heal wounds.
  7434 | D:8      | HP: 20/98 [poisoned by a green ugly thing]
  7435 | D:8      | HP: 9/98 [green ugly thing (2)]
  7435 | D:8      | Killed a green ugly thing
  7436 | D:8      | Succumbed to a green ugly thing's poison

Levels and vault maps discovered:
D:1:      scummos_arrival_forest, layout_loops_ring,
          dreamdust_ecumenical_altar_drowned_temple
D:2:      layout_basic, uniq_natasha, uniq_sigmund, uniq_robin
D:3:      layout_rooms, nicolae_gozag_seed_capital,
          mainiacjoe_overflow_small_starburst, nzn_wu_jian_contemplation,
          ebering_ghost_sewer_f, hangedman_feature_mirror,
          minmay_fractal_squares_5
D:4:      layout_layer_cave, grunt_temple_overflow_order_and_chaos_2,
          lemuel_tele_altar, evilmike_ruin_ashenzari
D:5:      layout_basic, uniq_prince_ribbit1, uniq_blork_the_orc
D:6:      hellmonk_crumbling_castle, layout_loops_ring,
          mainiacjoe_overflow_24_doors, minmay_temple_entry_mist,
          uniq_crazy_yiuf_cottage
D:7:      layout_gridville
D:8:      gammafunk_corrupted_shrine, layout_loops_corners,
          worldfamousw_hep_ancestral_shrine, kennysheep_slug_shrine

Skill      XL: |  1  2  3  4  5  6  7  8  9 10 |
---------------+-------------------------------+-----
Unarmed Combat | 6 8 9 10 12 13 | 13.4
Fighting       | 3 4 5 |  5.9
Dodging        | 1 |  1.1
Throwing       | 3 4 5 |  5.0
Spellcasting   | |  1.0
Fire Magic     | |  2.1

Action                   |  1- 3 |  4- 6 |  7- 9 | 10-12 || total
-------------------------+-------+-------+-------+-------++-------
Melee: Unarmed           |    35 |   135 |   203 |    42 ||   415
       Punch             |       |     5 |     6 |     1 ||    12
Throw: Large rock        |       |       |    35 |     1 ||    36
Invok: Fiery Armour      |       |     1 |     3 |     3 ||     7
  Use: Scroll            |     2 |     2 |    10 |       ||    14
       Potion            |       |     3 |     1 |     1 ||     5
Armor: Robe              |    11 |    34 |    34 |     8 ||    87
Dodge: Dodged            |    10 |    69 |   102 |    18 ||   199

Table legend:
 A = Non-vault XP
 B = Vault XP
 C = Vault XP percentage of total XP
 D = Non-vault monster count
 E = Vault monster count
 F = Vault count percentage of total count
                 A         B        C        D         E       F
            +---------+---------+-------+---------+---------+-------
      Total |    5112 |    3056 |  37.4 |     131 |      29 |  18.1
            +---------+---------+-------+---------+---------+-------
        D:1 |      14 |       1 |   6.7 |       9 |       1 |  10.0
        D:2 |      82 |     288 |  77.8 |      16 |      10 |  38.5
        D:3 |     158 |      24 |  13.2 |      22 |       8 |  26.7
        D:4 |     449 |       0 |   0.0 |      19 |       0 |   0.0
        D:5 |     506 |     373 |  42.4 |      12 |       2 |  14.3
        D:6 |     643 |       0 |   0.0 |      15 |       0 |   0.0
        D:7 |     418 |       0 |   0.0 |      13 |       0 |   0.0
        D:8 |    2842 |    2370 |  45.5 |      25 |       8 |  24.2
            +---------+---------+-------+---------+---------+-------
